Map: [ESL] Goldenaura

Players

Kelazhur

  • Race: Terran Terran
  • Spawn Location: 12:00

SKillous - Winner!

  • Race: Protoss Protoss
  • League: Grandmaster
  • Spawn Location: 5:00

Event: IEM Katowice 2024

VOD

Have the link to the VOD?

Description

Time

  • Played on: Dec. 8, 2023, 3:49 p.m.
  • Length: 10:18

All games in this series

Show
View Real Time Build Order
Export as new Build Order

Kelazhur Terran 

Build Orders: Cyclone Opening 

Get SALT Encoding   

  12  0:00  SCV  
  13  0:12  SCV  
  14  0:17  Supply Depot  
  14  0:24  SCV  
  15  0:38  SCV  
  15  0:40  Barracks  
  16  0:44  Refinery  
  16  0:50  SCV  
  16  0:55  Refinery  
  17  1:03  SCV  
  18  1:15  SCV  
  19  1:27  Orbital Command, Reaper  
  20  1:43  Factory  
  20  1:47  Supply Depot  
  20  1:53  SCV  
  21  1:59  Barracks Reactor  
  21  2:05  SCV  
  22  2:17  SCV  
  23  2:23  Command Center  
  23  2:29  SCV  
  24  2:34  Cyclone  
  25  2:42  Marine x2  
  27  2:44  SCV  
  28  2:51  Supply Depot  
  28  2:54  Starport  
  28  2:57  SCV  
  29  3:08  Cyclone  
  29  3:12  Marine  
  31  3:13  Marine, SCV  
  31  3:18  Supply Depot  
  34  3:25  SCV  
  35  3:30  Marine, Medivac  
  35  3:31  Marine  
  39  3:40  SCV  
  40  3:48  Factory Tech Lab  
  40  3:52  SCV, Marine x2  
  43  4:03  Barracks  
  43  4:04  SCV  
  43  4:05  Barracks  
  44  4:14  Orbital Command  
  44  4:19  Siege Tank  
  44  4:21  Marine  
  48  4:27  SCV  
  49  4:35  Marine  
  46  4:39  SCV, Marine  
  47  4:51  Siege Tank  
  50  4:53  Marine  
  50  4:56  Marine  
  50  4:58  Barracks Tech Lab x2, SCV  
  52  5:00  SCV  
  52  5:09  Engineering Bay  
  52  5:11  Bunker, SCV  
  52  5:12  SCV  
  54  5:14  Marine  
  54  5:16  Supply Depot  
  54  5:19  Marauder x2  
  54  5:20  Stimpack  
  59  5:23  SCV  
  59  5:24  Combat Shield, Marine, SCV  
  62  5:35  SCV  
  62  5:37  Supply Depot, SCV, Refinery  
  62  5:39  Marine, Supply Depot  
  62  5:41  Marine  
  65  5:45  Siege Tank  
  65  5:47  SCV  
  69  5:51  Marauder  
  70  5:57  SCV  
  70  5:59  SCV  
  70  6:02  Marauder  
  71  6:05  Marine x2  
  71  6:09  SCV  
  74  6:11  SCV, Supply Depot  
  74  6:12  Medivac  
  77  6:20  Marauder  
  77  6:21  SCV  
  77  6:23  Marine x2, Marauder, SCV  
  85  6:33  Widow Mine  
  85  6:35  SCV  
  85  6:36  Terran Infantry Weapons Level 1  
  88  6:41  Marauder  
  88  6:42  Marine x2  
  91  6:47  Command Center, SCV  
  91  6:53  Marauder  
  94  7:01  Supply Depot  
  94  7:08  Factory Reactor  
  94  7:09  Starport Reactor  
  94  7:11  SCV  
  94  7:12  Barracks  
  94  7:16  Barracks  
  94  7:22  Missile Turret, Marine, SCV  
  98  7:23  Marine, Missile Turret, Marauder x2  
  98  7:24  SCV  
  98  7:29  Concussive Shells  
  102  7:34  SCV  
  102  7:36  SCV  
  99  7:40  Marine  
  99  7:41  Marine  
  99  7:44  Marine, Marauder  
  71  8:03  Marauder  
  71  8:04  Marine x2  
  71  8:05  Marauder, Medivac  
  76  8:07  Widow Mine  
  76  8:10  Widow Mine  
  75  8:17  Missile Turret  
  74  8:21  Marine  
  74  8:27  Marine  
  74  8:28  Marauder  
  74  8:31  Medivac  
  78  8:36  Marauder  
  80  8:46  Marine x2  
  80  8:47  SCV x2  
  83  8:52  Marauder  
  83  8:54  Marauder  
  87  9:02  Marauder  
  83  9:07  Widow Mine x2  
  83  9:08  Marine  
  80  9:10  Marine  
  80  9:14  Marauder  
  81  9:19  Marauder  
  76  9:24  Marine  
  76  9:25  Marauder  
  76  9:26  Marine  
  76  9:28  Marine  
  56  9:37  Marine  
  49  9:40  Marine  
  35  9:51  Marine  
Show
View Real Time Build Order
Export as new Build Order

SKillous Protoss - Winner!

Build Orders: 1 Gate Expand, Blink Stalkers 

Get SALT Encoding   

  12  0:00  Probe  
  13  0:12  Probe  
  14  0:18  Pylon  
  14  0:24  Probe  
  15  0:36  Gateway  
  15  0:38  Probe (Chrono Boost)  
  16  0:46  Assimilator  
  16  0:48  Probe (Chrono Boost)  
  17  0:54  Probe  
  18  1:06  Probe  
  19  1:18  Probe  
  20  1:25  Cybernetics Core  
  20  1:35  Nexus  
  20  1:41  Pylon  
  20  1:44  Probe  
  21  1:50  Assimilator  
  21  1:56  Probe  
  21  1:59  Adept (Chrono Boost)  
  22  2:02  Warp Gate  
  22  2:08  Probe  
  25  2:19  Adept (Chrono Boost)  
  25  2:20  Probe  
  28  2:32  Probe  
  28  2:34  Twilight Council  
  29  2:43  Stalker  
  30  2:47  Probe (Chrono Boost)  
  30  2:49  Probe (Chrono Boost)  
  32  2:56  Probe (Chrono Boost)  
  34  2:59  Probe (Chrono Boost)  
  34  3:01  Probe (Chrono Boost)  
  35  3:07  Blink (Chrono Boost)  
  35  3:08  Gateway, Probe  
  36  3:14  Probe  
  37  3:20  Probe  
  37  3:26  Probe  
  39  3:28  Robotics Facility  
  39  3:33  Pylon  
  39  3:35  Probe  
  39  3:38  Probe  
  41  3:47  Probe  
  42  3:49  Gateway  
  42  3:54  Probe  
  42  3:55  Gateway  
  43  3:58  Stalker  
  43  3:59  Probe  
  46  4:03  Stalker  
  46  4:07  Pylon  
  49  4:10  Assimilator  
  50  4:24  Stalker  
  50  4:26  Stalker  
  50  4:29  Shield Battery  
  53  4:35  Pylon  
  53  4:36  Warp Prism (Chrono Boost)  
  49  4:40  Probe x2  
  49  4:44  Stalker  
  51  4:50  Stalker  
  51  4:52  Probe x2  
  53  4:55  Stalker  
  51  5:04  Probe  
  51  5:05  Pylon  
  52  5:10  Stalker  
  52  5:11  Probe  
  55  5:16  Probe, Stalker  
  58  5:24  Observer  
  58  5:28  Pylon  
  59  5:32  Stalker  
  59  5:33  Stalker  
  63  5:40  Stalker  
  63  5:42  Nexus  
  65  5:47  Probe (Chrono Boost)  
  67  5:51  Probe (Chrono Boost)  
  67  5:59  Dark Shrine, Probe (Chrono Boost)  
  67  6:01  Observer  
  67  6:03  Probe (Chrono Boost)  
  65  6:04  Probe (Chrono Boost)  
  65  6:08  Charge (Chrono Boost)  
  66  6:12  Probe  
  66  6:14  Probe  
  66  6:17  Sentry  
  70  6:18  Pylon  
  70  6:23  Pylon  
  70  6:24  Probe  
  71  6:26  Probe  
  71  6:30  Zealot x3  
  71  6:31  Shield Battery  
  78  6:36  Pylon  
  78  6:40  Observer  
  78  6:44  Shield Battery  
  78  6:45  Zealot  
  78  6:46  Immortal  
  84  6:57  Zealot x2  
  88  7:01  Gateway  
  88  7:02  Gateway  
  88  7:05  Zealot  
  90  7:12  Dark Templar  
  88  7:18  Dark Templar x2  
  93  7:33  Pylon  
  93  7:35  Dark Templar, Pylon  
  91  7:40  Observer  
  91  7:43  Pylon  
  89  7:54  Probe  
  89  7:55  Observer, Warp Prism  
  82  7:59  Nexus  
  82  8:01  Pylon  
  80  8:09  Zealot x6  
  80  8:12  Probe (Chrono Boost)  
  94  8:15  Probe (Chrono Boost)  
  94  8:20  Observer  
  94  8:24  Probe (Chrono Boost)  
  91  8:31  Probe (Chrono Boost)  
  91  8:32  Stalker x5  
  102  8:39  Observer  
  101  8:48  Probe x2  
  101  8:50  Forge  
  103  8:58  Stalker x4  
  103  8:59  Sentry  
  103  9:01  Observer  
  112  9:09  Zealot  
  101  9:21  Zealot x4  
  105  9:27  Zealot  
  105  9:28  Probe  
  93  9:35  Immortal  
  90  9:40  Zealot  
  86  9:48  Sentry  
  86  9:49  Stalker x3  
  86  9:51  Observer  
  90  9:59  Nexus  
  90  10:00  Pylon  
  90  10:07  Stalker x2  
  90  10:10  Assimilator  

Tags
 
Add a new tag
Caveats
  • Supply blocks, unpowered buildings, or Contaminate may cause inaccurate times.
  • Supply counts are checked every 10 seconds.